AoeStats
← GorbGorb

Arena

508705213Analyzed
3v3 RM · 7d ago on Sep 23, 2026· 39m 18s· 6 players
Game mode
Random Map
Map size
Normal (6 player)
Population
200
Speed
Normal
Resources
Standard
Victory
Conquest
Starting age
Dark Age
Ending age
Imperial Age
RankedLock teamsTeams togetherTeam positionsShared explorationLock speedFull tech treeHidden civsTurbo modeCheats
Victory
Defeat
🇹🇷 Bohemians · Türkiye
1013
+17
🇹🇷 Huns · Türkiye
1005
+17
🇹🇷 Ethiopians · Türkiye
993
+17
🇩🇪 Danes · Germany
1042
-18
🇩🇪 Italians · Germany
1033
-17
🇩🇪 Goths · Germany
1000
-48
estimator
12:12 Feudal Age
17:03 Castle Age
15:32 Double-Bit Axe
18:44 Bow Saw
26:13 Wheelbarrow
26:01 Gold Mining
30:22 Imperial Age
28:44 Thumb Ring
28:00 Crossbowman
29:00 Fletching
29:10 Padded Archer Armor
30:43 Bodkin Arrow
32:09 Chemistry
31:30 Ballistics
31:01 Arbalester
31:53 Bracer
32:09 Leather Archer Armor
32:02 Elite Skirmisher
32:56 Fortified Wall
33:10 Conscription
36:21 Ring Archer Armor
V A H I T G U E T T A
1:26 Loom
11:31 Feudal Age
14:08 Double-Bit Axe
16:33 Castle Age
14:30 Horse Collar
15:29 Stone Mining
18:41 Gold Mining
21:47 Bow Saw
22:42 Wheelbarrow
23:01 Forging
22:57 Town Watch
24:14 Husbandry
25:23 Bloodlines
27:08 Iron Casting
28:51 Hand Cart
31:51 Gold Shaft Mining
33:53 Scale Barding Armor
37:06 Imperial Age
36:03 Light Cavalry
37:12 Chain Barding Armor
37:19 Fletching
37:30 Padded Archer Armor
37:29 Hussar
37:56 Capped Ram
38:03 Pikeman
38:46 Squires
38:48 Scale Mail Armor
40:10 Blast Furnace
38:58 Halberdier
hsnkanbur
10:57 Feudal Age
14:46 Castle Age
12:55 Double-Bit Axe
14:21 Horse Collar
16:18 Bow Saw
28:38 Chemistry
30:20 Imperial Age
29:15 Forging
29:05 Scale Mail Armor
29:45 Wheelbarrow
28:55 Loom
28:56 Town Watch
30:18 Chemistry
29:44 Ballistics
29:54 Elite Skirmisher
32:49 Iron Casting
32:29 Chain Mail Armor
32:21 Padded Archer Armor
33:29 Conscription
35:38 Two-Man Saw
34:40 Heavy Plow
35:10 Wagenburg Tactics
35:22 Houfnice
37:57 Elite Hussite Wagon
Pyrox
10:33 Feudal Age
12:14 Double-Bit Axe
14:39 Castle Age
12:30 Loom
12:56 Horse Collar
16:41 Wheelbarrow
18:05 Town Watch
21:25 Fletching
22:57 Thumb Ring
22:54 Stone Mining
23:00 Gold Mining
24:38 Bodkin Arrow
28:04 Padded Archer Armor
28:11 Scale Barding Armor
29:26 Hand Cart
30:10 Heavy Plow
31:24 Bow Saw
32:38 Ballistics
32:44 Chain Barding Armor
34:06 Gold Shaft Mining
33:21 Stone Mining
34:35 Scale Mail Armor
34:46 Forging
35:51 Husbandry
36:02 Bloodlines
35:13 Light Cavalry
37:13 Stone Shaft Mining
37:08 Gambesons
GorbGorb
10:42 Feudal Age
12:00 Double-Bit Axe
15:22 Castle Age
13:30 Horse Collar
16:35 Bow Saw
18:53 Heavy Plow
22:50 Town Watch
24:24 Gold Mining
25:37 Wheelbarrow
28:04 Town Patrol
27:50 Loom
31:07 Imperial Age
29:43 Fletching
29:54 Padded Archer Armor
30:49 Elite Skirmisher
31:28 Bodkin Arrow
31:48 Leather Archer Armor
31:05 Light Cavalry
31:56 Bloodlines
31:47 Husbandry
32:11 Forging
32:06 Scale Barding Armor
33:12 Thumb Ring
33:18 Hussar
35:52 Bracer
36:22 Ring Archer Armor
36:28 Iron Casting
36:13 Chain Barding Armor
authriop
18:14 Feudal Age
Connection lost

Rejoining the realm…

Still unreachable

The connection could not be restored.

Session expired

The server has moved on; the page needs a fresh start.